 Dungeon Crawl Stone Soup version 0.23.2-1-ga50397a6bc (webtiles) character file.

Game seed: 7655372036765307626

254 KamiKatze the Skirmisher (level 6, 0/61 HPs)
             Began as a Gargoyle Berserker on May 30, 2019.
             Was a Believer of Trog.
             Killed by divine providence
             ... invoked by an orc priest
              (14 damage)
             ... on level 3 of the Dungeon.
             The game lasted 00:08:50 (1731 turns).

KamiKatze the Skirmisher (Gargoyle Berserker)       Turns: 1731, Time: 00:08:51

Health: 0/61       AC:  7    Str: 27    XL:     6   Next: 14%
Magic:  6/6        EV: 12    Int:  8    God:    Trog [**....]
Gold:   127        SH:  0    Dex:  9    Spells: 5/5 levels left

rFire    . . .     SeeInvis .   a - +0 hand axe
rCold    . . .     Gourm    .   (no shield)
rNeg     + . .     Faith    .   p - +0 animal skin
rPois    ∞         Spirit   .   (no helmet)
rElec    +         Reflect  .   (no cloak)
rCorr    .         Harm     .   (no gloves)
MR       .....                  (no boots)
Stlth    ..........             (no amulet)
HPRegen  0.20/turn              d - +1 ring of protection
MPRegen  0.10/turn              o - ring of flight

@: berserking (expiring), very quick
A: negative energy resistance 1, electricity resistance, unbreathing,
petrification resistance, rot immunity, AC +4
a: Berserk, Trog's Hand, Renounce Religion, Evoke Flight


You were on level 3 of the Dungeon.
You worshipped Trog.
Trog was pleased with you.
You were not hungry.

You visited 1 branch of the dungeon, and saw 3 of its levels.

You collected 127 gold pieces.

Inventory:

Hand Weapons
 a - a +0 hand axe (weapon)
 b - a +0 hunting sling
Missiles
 k - 60 stones (quivered)
 r - 4 tomahawks
Armour
 p - a +0 animal skin (worn)
Jewellery
 d - a +1 ring of protection (left hand)
 o - a ring of flight (right hand)
Scrolls
 f - a scroll of amnesia {unknown}
 h - a scroll of magic mapping {unknown}
 i - a scroll of enchant weapon {unknown}
 j - 2 scrolls of remove curse {unknown}
 l - 2 scrolls of immolation {unknown}
 m - 2 scrolls of teleportation {unknown}
 n - 5 scrolls of identify {unknown}
 q - a scroll of blinking {unknown}
Potions
 e - 2 potions of curing {unknown}
 g - a potion of flight {unknown}
 s - a potion of heal wounds {unknown}
 t - a potion of lignification {unknown}
 v - a potion of degeneration {unknown}
 w - a potion of mutation {unknown}
Comestibles
 c - 3 rations
 u - 8 chunks of flesh


   Skills:
 + Level 5.6 Fighting
 + Level 4.7 Axes
 - Level 2.1 Armour
 - Level 1.5 Dodging


You had 5 spell levels left.
You didn't know any spells.
Your spell library was empty.

Dungeon Overview and Level Annotations

Branches:
Dungeon (3/15)

Altars:
Ashenzari
Okawaru
Trog


Innate Abilities, Weirdness & Mutations

You are resistant to torment.
Your stone body is resilient. (AC +4)
You are immune to poison.
You resist negative energy. (rN+)
You are resistant to electric shocks. (rElec)
You can survive without breathing.
You are immune to petrification.
You are immune to rotting.


Message History

You slash the orc!
You kill the orc!
Trog accepts your kill.
You completely miss the orc warrior.
The orc warrior hits you with a +3 mace of crushing.
* * * LOW HITPOINT WARNING * * *
x2 You see here a +0 club.
You slash the orc priest!
The orc priest is severely wounded.
You closely miss the orc warrior. The orc priest closely misses you.
You barely miss the orc priest.
The orc priest is severely wounded.
You barely miss the orc. You barely miss the orc warrior.
The orc warrior closely misses you. The orc misses you.
You barely miss the orc priest.
The orc priest is severely wounded.
You barely miss the orc. You hit the orc warrior.
The orc priest calls down the wrath of Beogh upon you.
Beogh smites you!
You die...

###.#.###.......#
###.............#.#
..<.............#.#
##..............#.#
##...#..#..###..#.#
.#..............#.#
.........#.###.##.#
...............##o#
.#..#..........o@o#
.#......#.#....####
# #.##.# #. #.# .
#.# <. #.# ## #.#
#.


You could see an orc warrior, an orc priest and an orc.

Vanquished Creatures
  A bullfrog (D:2)
  A scorpion (D:3)
  3 gnolls (D:3)
  4 adders
  An ooze (D:1)
  A worm (D:3)
  3 dart slugs
  2 leopard geckos
  An orc (D:3)
  4 ball pythons (D:1)
  5 giant cockroaches
  10 goblins
  A hobgoblin (D:1)
  6 jackals
  7 kobolds
  A bat (D:1)
  2 frilled lizards (D:2)
  6 rats
59 creatures vanquished.

Notes
Turn   | Place    | Note
-------+----------+-------------------------------------------
     0 | D:1      | KamiKatze the Gargoyle Berserker began the quest for the
                  | Orb.
     0 | D:1      | Reached XP level 1. HP: 14/14 MP: 1/1
    90 | D:1      | Reached XP level 2. HP: 13/20 MP: 2/2
   457 | D:1      | Reached XP level 3. HP: 13/24 MP: 3/3
   460 | D:1      | Reached skill level 4 in Fighting
   562 | D:1      | Reached ** piety under Trog
   691 | D:2      | Found a shattered altar of Ashenzari.
   707 | D:2      | Reached XP level 4. HP: 18/30 MP: 4/4
   713 | D:2      | Found a bloodstained altar of Trog.
   802 | D:2      | Noticed a bullfrog
   819 | D:2      | Killed a bullfrog
   819 | D:2      | Reached skill level 5 in Fighting
   819 | D:2      | Reached XP level 5. HP: 34/35 MP: 5/5
   948 | D:2      | Found an iron altar of Okawaru.
  1488 | D:3      | Reached XP level 6. HP: 40/40 MP: 6/6
  1719 | D:3      | Noticed an orc warrior
  1731 | D:3      | Killed from afar by an orc priest

Skill      XL: |  1  2  3  4 |
---------------+-------------+-----
Axes           | 3 4 |  4.7
Fighting       | 4 5 |  5.6
Armour         | |  2.1
Dodging        | |  1.5

Action                   |  1- 3 |  4- 6 || total
-------------------------+-------+-------++-------
Melee: Hand axe          |    89 |   119 ||   208
 Fire: Hunting sling     |       |     9 ||     9
Throw: Stone             |     2 |       ||     2
Invok: Berserk           |       |     4 ||     4
  Eat: Chunk             |       |     6 ||     6
Armor: Animal skin       |    43 |    42 ||    85
Dodge: Dodged            |    84 |    73 ||   157
